 Dungeon Sprint DCSS version 0.30.1-4-g462c640d31 (webtiles) character file.

Game seed: 9549290754235946726

5081 Heoruswealwe the Severer (level 10, -12/104 HPs)
             Began as a Hill Orc Fighter on Aug 21, 2023.
             Was a High Priest of Makhleb.
             Mangled by a demonic crawler (14 damage)
             ... in the Dungeon (Sprint I: "Red Sonja").
             The game lasted 00:27:07 (1764 turns).

Heoruswealwe the Severer (Hill Orc Fighter)         Turns: 1764, Time: 00:27:08

Health: -12/104    AC: 13    Str: 24    XL:     10   Next: 57%
Magic:  13/13      EV: 10    Int:  8    God:    Makhleb [*****.]
Gold:   24         SH:  7    Dex: 10    Spells: 9/9 levels left

rFire   . . .        a - +0 war axe
rCold   . . .        d - +0 buckler
rNeg    . . .        c - +0 scale mail
rPois   .            (no helmet)
rElec   .            (no cloak)
rCorr   .            (no gloves)
SInv    .            (no boots)
Will    .....        (no amulet) Stlth
                     k - ring of Mehal {AC+4 Slay+4}
HPRegen 0.37/turn    (no ring)
MPRegen 0.13/turn

%: no teleportation
@: no status effects
A: no striking features
a: Renounce Religion, Minor Destruction, Lesser Servant of Makhleb, Major
Destruction, Greater Servant of Makhleb


You were in the Dungeon.
You worshipped Makhleb.
Makhleb was extremely pleased with you.
You visited 1 branch You collected 922 gold pieces.
You spent 898 gold pieces at shops.

Inventory:

Hand Weapons
 a - a +0 war axe (weapon)
Armour
 c - a +0 scale mail (worn)
 d - a +0 buckler (worn)
Jewellery
 k - the ring of Mehal (left hand) {AC+4 Slay+4}
   (You bought it in a shop in the Dungeon)

   [ring of protection]

   AC:        It affects your AC (+4).
   Slay:      It affects your accuracy & damage with ranged weapons and melee
   (+4).
Wands
 n - a wand of digging (4)
Scrolls
 i - 2 scrolls of fear
 j - a scroll of blinking
 m - 2 scrolls of enchant weapon
 p - a scroll of fog
Potions
 h - 2 potions of magic
 q - a potion of invisibility {unknown}
Miscellaneous
 e - a phial of floods
 l - a piece from Xom's chessboard (15/15)


   Skills:
 + Level 14.9 Fighting
 + Level 15.9 Axes
 + Level 13.8 Armour
 + Level 13.8 Shields
 + Level 4.8 Invocations


You had 9 spell levels left.
You didn't know any spells.
Your spell library was empty.

Dungeon Overview and Level Annotations

Branches:
Dungeon (1/1)

Altars:
Cheibriados
Dithmenos
Elyvilon
Fedhas
Gozag
Hepliaklqana
Kikubaaqudgha
Makhleb
Nemelex Xobeh
Okawaru
Qazlal
Ru
Sif Muna
Trog
Uskayaw
Vehumet
Wu Jian
Xom
Yredelemnul
Zin
The Shining One
Jiyva
Lugonu

Shops:
D [*[?[(*[=::=?([?


Message History

The demonic crawler hits you but does no damage.
The demonic crawler hits you.
The demonic crawler hits you but does no damage.
Your hellwing hits the demonic crawler! Your hellwing hits the demonic crawler.
The demonic crawler hits your hellwing.
The demonic crawler closely misses your hellwing. x2
You hit the demonic crawler but do no damage.
The demonic crawler is moderately wounded.
You slash the demonic crawler! The demonic crawler closely misses you.
The demonic crawler misses you. You block the demonic crawler's attack.
The demonic crawler hits you!
* * * LOW HITPOINT WARNING * * *
The demonic crawler hits you.
* * * LOW HITPOINT WARNING * * *
The demonic crawler barely misses you.
Your hellwing closely misses the demonic crawler.
Your hellwing barely misses the demonic crawler.
Okay, then.
As you read the scroll of fear, it crumbles to dust.
You assume a fearsome visage.
The demonic crawler looks frightened! x4
Your hellwing hits the demonic crawler but does no damage. x2
Your hellwing's attack snaps the demonic crawler out of its fear.
You slash the demonic crawler!
Your attack snaps the demonic crawler out of its fear.
The demonic crawler is moderately wounded.
The demonic crawler closely misses your hellwing.
The demonic crawler hits your hellwing.
The demonic crawler closely misses your hellwing.
You block the demonic crawler's attack. The demonic crawler hits you!
* * * LOW HITPOINT WARNING * * *
The demonic crawler hits you!
* * * LOW HITPOINT WARNING * * *
The demonic crawler hits you.
* * * LOW HITPOINT WARNING * * *
You block the demonic crawler's attack. The demonic crawler closely misses you.
Your hellwing barely misses the demonic crawler.
Your hellwing hits the demonic crawler but does no damage.
The demonic crawler hits you but does no damage.
The demonic crawler hits you!
You die...

##################***************
.#..'..#__#..').s#,,*,,,,+,,,,,,+
.').#..'..'..#)4@##+#,****,,,,,**
'#####'#__####...s.s#,*,***,,,***
.#...#.####)|#####.s+,*+*,***+*,,
##..##)#§§~§§#..#*+##**,,,*,*,**,
_##'#_)+§§~§§+..#,,,,,*,,,***,,**
..'..._#~~§§§#..#,,,,,+,,,,,**,*,
_##_.#'##+#####'###,,,*,,,,,*,,**
_###+#(#..)(###.+.#,,,***++**,**,
##**,####†###.###.#,,***,,***,,*+


You could see 4 demonic crawlers and a friendly hellwing (summoned).

Vanquished Creatures
  2 centaur warriors (D)
  A deep troll (D)
  An oklob plant (D)
  2 unseen horrors (D)
  2 kobold demonologists (D)
  A hornet (D)
  A slime creature (D)
  Sigmund (D)
  A yak (D)
  2 redbacks (D)
  2 floating eyes (D)
  An ogre (D)
  7 necrophages (D)
  8 jellies (D)
  Ijyb (D)
33 creatures vanquished.

Notes
Turn   | Place    | Note
-------+----------+-------------------------------------------
     0 | D        | Heoruswealwe the Hill Orc Fighter began the quest for the
                  | Orb.
     0 | D        | Reached XP level 1. HP: 19/19 MP: 1/1
     1 | D        | Noticed Ijyb
     7 | D        | Killed Ijyb
     8 | D        | Reached skill level 5 in Fighting
     8 | D        | Reached skill level 4 in Axes
     8 | D        | Reached XP level 2. HP: 29/29 MP: 2/2
     8 | D        | Reached XP level 3. HP: 36/36 MP: 3/3
    32 | D        | Noticed an ogre
    36 | D        | Killed an ogre
    37 | D        | Reached skill level 6 in Axes
    37 | D        | Reached XP level 4. HP: 45/45 MP: 4/4
    83 | D        | Noticed Sigmund
    93 | D        | Killed Sigmund
    94 | D        | Reached skill level 8 in Axes
    94 | D        | Reached XP level 5. HP: 53/53 MP: 5/5
    94 | D        | Reached XP level 6. HP: 61/61 MP: 6/6
   107 | D        | Found a burning altar of Makhleb.
   107 | D        | Found a viscous altar of Jiyva.
   107 | D        | Found a shimmering altar of Xom.
   107 | D        | Found a corrupted altar of Lugonu.
   107 | D        | Noticed a slime creature
   119 | D        | Killed a slime creature
   120 | D        | Reached skill level 9 in Axes
   230 | D        | Found an ornate altar of the Wu Jian Council.
   230 | D        | Found a shimmering blue altar of Sif Muna.
   232 | D        | Found a radiant altar of Vehumet.
   236 | D        | Reached XP level 7. HP: 67/70 MP: 7/7
   260 | D        | Found Gatto's Antique Armour Emporium.
   260 | D        | Found an ancient bone altar of Kikubaaqudgha.
   260 | D        | Found a hazy altar of Hepliaklqana.
   260 | D        | Found a stormy altar of Qazlal.
   260 | D        | Found a hide-covered altar of Uskayaw.
   260 | D        | Found a blossoming altar of Fedhas.
   260 | D        | Found a bloodstained altar of Trog.
   260 | D        | Found an iron altar of Okawaru.
   260 | D        | Found a basalt altar of Yredelemnul.
   260 | D        | Found a glowing golden altar of the Shining One.
   260 | D        | Found a snail-covered altar of Cheibriados.
   260 | D        | Found a sacrificial altar of Ru.
   260 | D        | Found a glowing silver altar of Zin.
   260 | D        | Found a shadowy altar of Dithmenos.
   260 | D        | Found a white marble altar of Elyvilon.
   260 | D        | Noticed a yak
   265 | D        | Killed a yak
   266 | D        | Reached skill level 10 in Fighting
   266 | D        | Reached skill level 10 in Axes
   266 | D        | Found an opulent altar of Gozag.
   267 | D        | Found a sparkling altar of Nemelex Xobeh.
   291 | D        | Became a worshipper of Makhleb the Destroyer
   300 | D        | Noticed a kobold demonologist
   300 | D        | Noticed a kobold demonologist
   306 | D        | Killed a kobold demonologist
   307 | D        | Reached skill level 11 in Axes
   307 | D        | Reached skill level 10 in Armour
   307 | D        | Reached skill level 10 in Shields
   307 | D        | Reached XP level 8. HP: 82/82 MP: 8/8
   307 | D        | Killed a kobold demonologist
   307 | D        | Reached * piety under Makhleb
   308 | D        | Reached skill level 12 in Axes
   321 | D        | Noticed a centaur warrior
   321 | D        | Noticed a centaur warrior
   331 | D        | Killed a centaur warrior
   332 | D        | Reached skill level 13 in Axes
   332 | D        | Reached XP level 9. HP: 68/91 MP: 9/9
   332 | D        | Killed a centaur warrior
   333 | D        | Reached skill level 14 in Axes
   343 | D        | Noticed a deep troll
   349 | D        | Killed a deep troll
   349 | D        | Reached ** piety under Makhleb
   392 | D        | Found Axapsyfa's Armour Emporium.
   565 | D        | Noticed a hornet
   574 | D        | Paralysed by a hornet for 2 turns
   579 | D        | Killed a hornet
   582 | D        | HP: 4/94 [poisoned by a hornet]
   854 | D        | Noticed an oklob plant
   863 | D        | Killed an oklob plant
   864 | D        | Reached skill level 15 in Axes
   864 | D        | Reached XP level 10. HP: 62/103 MP: 10/10
  1211 | D        | Reached *** piety under Makhleb
  1266 | D        | Killed an unseen horror
  1288 | D        | Killed an unseen horror
  1472 | D        | Reached **** piety under Makhleb
  1487 | D        | Reached ***** piety under Makhleb
  1633 | D        | Found Gapuusech's Magic Scroll Boutique.
  1633 | D        | Found Meikk's Magic Scroll Emporium.
  1633 | D        | Found Vuept's Weapon Emporium.
  1635 | D        | Found Orghusogh's Jewellery Boutique.
  1635 | D        | Found Hisosu's Book Shoppe.
  1635 | D        | Found Oteod's Book Shop.
  1635 | D        | Found Rerionwo's Jewellery Emporium.
  1635 | D        | Found Unulauz's Armour Boutique.
  1635 | D        | Found Gaiqef's Assorted Antiques.
  1635 | D        | Found Colozinnay's Weapon Shop.
  1639 | D        | Found Enuop's Armour Emporium.
  1640 | D        | Found Witienec's Magic Scroll Boutique.
  1640 | D        | Found Odinomaps's Armour Shoppe.
  1641 | D        | Found Zomeuj's Assorted Antiques.
  1657 | D        | Bought the ring of Mehal {AC+4 Slay+4} for 598 gold pieces
  1664 | D        | Bought 3 scrolls labelled LIFOUSM QUNELAVAE for 69 gold
                  | pieces
  1664 | D        | Bought a scroll labelled LUERGHO BOTYR for 23 gold pieces
  1668 | D        | Bought a scroll labelled ONNUTT VEBLAI for 31 gold pieces
  1668 | D        | Bought a scroll labelled KIBEBI ARALIOCW for 31 gold pieces
  1668 | D        | Bought a scroll labelled DITOACKUZIU for 31 gold pieces
  1668 | D        | Bought an inky potion for 27 gold pieces
  1674 | D        | Bought a scroll of identify for 22 gold pieces
  1674 | D        | Bought a scroll of identify for 22 gold pieces
  1674 | D        | Bought a scroll of identify for 22 gold pieces
  1674 | D        | Bought a scroll of identify for 22 gold pieces
  1752 | D        | Noticed a demonic crawler
  1752 | D        | Noticed a demonic crawler
  1752 | D        | Noticed a demonic crawler
  1752 | D        | Noticed a demonic crawler
  1764 | D        | HP: 2/104 [demonic crawler (4)]
  1764 | D        | Mangled by a demonic crawler

Illustrated notes

Levels and vault maps discovered:
D:        dungeon_sprint_1 [red_sonja_temple_1, red_sonja_temple_small_1]

Skill      XL: |  1  2  3  4  5  6  7  8  9 10 |
---------------+-------------------------------+-----
Fighting       | 5 6 8 9 11 12 14 | 14.9
Axes           | 4 6 8 9 11 13 15 | 15.9
Armour         | 4 6 7 8 10 11 13 | 13.8
Shields        | 4 6 7 8 10 11 13 | 13.8
Invocations    | 4 |  4.8

Action                     |  1- 3 |  4- 6 |  7- 9 | 10-12 || total
---------------------------+-------+-------+-------+-------++-------
  Melee: War axe           |     8 |    21 |    42 |    66 ||   137
 Invoke: Lesser Servant of |       |       |       |     1 ||     1
  Evoke: Wand              |     1 |       |       |       ||     1
    Use: Potion            |     1 |     1 |     3 |       ||     5
         Scroll            |       |       |       |     8 ||     8
 Armour: Scale mail        |     3 |     3 |    14 |    33 ||    53
  Dodge: Dodged            |     2 |     6 |    15 |    24 ||    47
  Block: Buckler           |     1 |     5 |     6 |    22 ||    34
